 Dungeon Crawl Stone Soup version 0.30.0-19-g36f170ea60 (webtiles) character file.

Game seed: 7034754939162964959

10 croobank the Firebug (level 2, 0/20 HPs)
             Began as a Demigod Fire Elementalist on May 26, 2023.
             Slain by a hobgoblin (2 damage)
             ... on level 1 of the Dungeon.
             The game lasted 00:02:15 (231 turns).

croobank the Firebug (Demigod Fire Elementalist)     Turns: 231, Time: 00:02:15

Health: 0/20       AC:  2    Str:  9    XL:     2   Next: 0%
Magic:  5/7        EV: 12    Int: 17    God:
Gold:   44         SH:  0    Dex: 14    Spells: 3/4 levels left

rFire   . . .        a - +0 dagger
rCold   . . .        (no shield)
rNeg    . . .        e - +0 robe
rPois   .            (no helmet)
rElec   .            (no cloak)
rCorr   .            (no gloves)
SInv    .            (no boots)
Will    .....        (no amulet)
Stlth   ++           (no ring)
HPRegen 0.23/turn    (no ring)
MPRegen 0.10/turn

%: no passive effects
@: no status effects
A: high MP 1, forlorn, divine attributes
a: no special abilities


You were on level 1 of the Dungeon.
You visited 1 branch of the dungeon, and saw 1 of its levels.

You collected 44 gold pieces.

Inventory:

Hand Weapons
 a - a +0 dagger (weapon)
 b - a +0 sling
 c - a +0 mace
Armour
 e - a +0 robe (worn)
Scrolls
 d - a scroll of enchant armour {unknown}
Potions
 f - a potion of magic
 g - a potion of degeneration {unknown}


   Skills:
 + Level 1.9 Dodging
 + Level 2.0 Stealth
 + Level 1.9 Spellcasting
 + Level 1.1 Conjurations
 + Level 2.8 Fire Magic


You had 3 spell levels left.
You knew the following spells:

 Your Spells              Type           Power      Damage    Failure   Level
a - Foxfire               Conj/Fire      32%        2x1d5     9%          1

Your spell library contained the following spells:

 Spells                   Type           Power      Damage    Failure   Level
 Scorch                   Fire           22%        2d5       10%         2
 Inner Flame              Hex/Fire       6%         N/A       32%         3
 Volatile Blastmotes      Fire/Tloc      12%        2d11      32%         3
 Flame Wave               Conj/Fire      8%         2d5       65%         4


Dungeon Overview and Level Annotations

Branches:
Dungeon (1/15)

Shops:
D:1 [


Innate Abilities, Weirdness & Mutations

You have an increased reservoir of magic. (+10% MP)
You shall have no god before yourself.
Your divine heritage dramatically boosts your attributes as you level up.


Message History

The hobgoblin is severely wounded.
The hobgoblin attacks as you move away! The hobgoblin closely misses you.
A quokka comes into view.
The hobgoblin attacks as you move away! The hobgoblin closely misses you.
Found a spear.
Found 14 gold pieces.
A hobgoblin comes into view.
You shoot a sling bullet.
The sling bullet barely misses the hobgoblin.
The sling bullet hits the rat.
You kill the rat!
The hobgoblin barely misses you.
You shoot a sling bullet. The sling bullet hits the hobgoblin.
You kill the hobgoblin!
You have reached level 2!
Memorise Scorch, consuming 2 spell levels and leaving 1?
You start memorising the spell.
You continue memorising.
The endoplasm freezes you.
You are frozen.
Your memorisation is interrupted.
a - a +0 dagger (weapon)
The hobgoblin barely misses you. The endoplasm freezes you.
You are frozen.
* * * LOW HITPOINT WARNING * * *
Casting: Foxfire (safe; 9% risk of failure)
Confirm with . or Enter, or press ? or * to list all spells.
You don't know that spell.
You hit the hobgoblin but do no damage.
The hobgoblin hits you but does no damage.
The endoplasm hits you but does no damage.
Okay, then.
You hit the hobgoblin but do no damage.
The hobgoblin hits you but does no damage.
The endoplasm freezes you.
You are frozen.
* * * LOW HITPOINT WARNING * * *
You hit the hobgoblin.
The hobgoblin is severely wounded.
The hobgoblin hits you.
You die...

####..........#
#.#..#..##
#..............†.....§.
#..........#####.#####.
#.. .. #.# ## ##.... #.#
#..#. #.# ... ...#####
#g###.####.#...#.. #@#
..#![#.# #...# #J#
..#..#.####...
#l###......#......
#g...g.###........
.######.#..#..$#........
........#$)#...#..#...##
........####.###....###
...####....l.....#######
r. ##.J...#...# #..


You could see an endoplasm, 2 hobgoblins and a frilled lizard.

Vanquished Creatures
  2 endoplasms (D:1)
  A giant cockroach (D:1)
  2 hobgoblins (D:1)
  A ball python (D:1)
  A frilled lizard (D:1)
  A kobold (D:1)
  2 rats (D:1)
10 creatures vanquished.

Vanquished Creatures (others)
  15 foxfires (D:1)
15 creatures vanquished.

Grand Total: 25 creatures vanquished

Notes
Turn   | Place    | Note
-------+----------+-------------------------------------------
     0 | D:1      | croobank the Demigod Fire Elementalist began the quest for
                  | the Orb.
     0 | D:1      | Reached XP level 1. HP: 14/14 MP: 5/5
    20 | D:1      | Reached skill level 1 in Conjurations
    92 | D:1      | Found Lavaiv's Antique Armour Shoppe.
   226 | D:1      | Reached XP level 2. HP: 14/20 MP: 5/7
   231 | D:1      | Slain by a hobgoblin

Illustrated notes

Levels and vault maps discovered:
D:1:      wander_arrival_lonely_grave, layout_rooms, serial_shops,
          nicolae_shop_statue_plus, minmay_octomino_c4

Skill      XL: |  1 |
---------------+----+-----
Conjurations   | 1 |  1.1
Stealth        | 2 |  2.0
Dodging        | |  1.9
Spellcasting   | |  1.9
Fire Magic     | |  2.8

Action                     || total
---------------------------++-------
  Melee: Dagger            ||     3
   Fire: Sling             ||     6
   Cast: Foxfire           ||    11
 Armour: Robe              ||     3
  Dodge: Dodged            ||     7
